 Dungeon Crawl Stone Soup version 0.32-a0-711-g016ad743e0 (webtiles) character file.

Game seed: 8701956792217279989

167 ragingrage the Cudgeller (level 5, -8/35 HPs)
             Began as a Coglin Wanderer on Mar 15, 2024.
             Killed by nerve-wracking pain
             ... invoked by a shadow imp
              (12 damage)
             ... on level 4 of the Dungeon.
             The game lasted 00:03:13 (2673 turns).

ragingrage the Cudgeller (Coglin Wanderer)          Turns: 2673, Time: 00:03:13

Health: -8/35      AC: 13    Str: 17    XL:     5   Next: 48%
Magic:  7/7        EV:  9    Int: 13    God:
Gold:   141        SH:  0    Dex: 12    Spells: 5/7 levels left

rFire   . . .        a - +2 mace {Wilburh}
rCold   + + +        s - +0 flail {Kaspar}
rNeg    . . .        m - +8 ring mail "Fownavu" {Rampage rC+ Str+3}
rPois   .            (no helmet)
rElec   .            (no cloak)
rCorr   .            (no gloves)
SInv    .            (no boots)
Will    .....        (amulet unavailable)
Stlth   +            (ring unavailable)
HPRegen 0.25/turn    (ring unavailable)
MPRegen 0.10/turn    (no gizmo)

%: rampage
@: revved
A: off-hand wielding, slow wielding, warmup strikes, no jewellery, cold
resistance 2, wild magic 1, MP-powered wands
a: Invent Gizmo


You were on level 4 of the Dungeon.
You visited 1 branch of the dungeon, and saw 5 of its levels.

You collected 141 gold pieces.

Inventory:

Hand Weapons
 a - a +2 mace (weapon) {Wilburh}
 j - a +0 mace {Jasleen}
 p - a +1 short sword of speed
 r - a +1 long sword of holy wrath
 s - a +0 flail (offhand) {Kaspar}
Missiles
 g - 16 poisoned darts (quivered)
 l - a throwing net
 n - 11 javelins
 o - 4 atropa-tipped darts
Armour
 h - a +0 ring mail
 m - the +8 ring mail "Fownavu" (worn) {Rampage rC+ Str+3}
   (You found it on level 2 of the Dungeon)

   Str+3:     It affects your strength (+3).
   rC+:       It protects you from cold.
   Rampage:   It bestows one free step when moving towards enemies.
Wands
 b - a wand of polymorph (6)
 u - a wand of flame (13)
Scrolls
 d - 3 scrolls of identify
 f - 2 scrolls of fog
 i - a scroll of enchant weapon
 k - a scroll of revelation


   Skills:
 + Level 4.6 Maces & Flails
 - Level 1.0 Stealth
 - Level 1.7 Spellcasting
 - Level 2.0 Air Magic
 - Level 3.0 Alchemy
 - Level 2.6 Evocations


You had 5 spell levels left.
You knew the following spells:

 Your Spells              Type           Power      Damage    Failure   Level
a - Mercury Vapours       Alch/Air       18%        N/A       34%         2

Your spell library contained the following spells:

 Spells                   Type           Power      Damage    Failure   Level
 Cigotuvi's Dreadful Rot  Necr/Alch/Air  14%        N/A       45%         2
 Blink                    Tloc           2%         N/A       67%         2
 Lesser Beckoning         Tloc           2%         N/A       67%         2
 Momentum Strike          Conj/Tloc      2%         3d8       67%         2


Dungeon Overview and Level Annotations

Branches:
Dungeon (5/15)
 Temple: D:4-7

Altars:

Shops:
D:3 [

Annotations:
D:4 Ijyb
D:5 Sigmund


Innate Abilities, Weirdness & Mutations

You can wield a second weapon in your off-hand.
It takes a long time for you to wield or remove held weapons.
Your first few attacks do less damage.
You cannot equip rings or amulets.
Your flesh is very cold resistant. (rC++)
Your spells are a little harder to cast, but a little more powerful.
You expend magic power (3 MP) to strengthen your wands.


Message History

The shadow imp hits you but does no damage.
Something hits you but does no damage.
You barely miss something with your +0 flail.
You closely miss something with your +2 mace.
The shadow imp hits you. Something hits you but does no damage.
You feel better.
The shadow imp hits you but does no damage.
Something hits you but does no damage.
Unknown command.
It was a potion of mutation.
You feel extremely strange.
You feel resistant to cold.
You feel more resistant to cold.
You feel less in control of your magic.
You feel your magical essence link to the dungeon's wands.
The shadow imp hits you but does no damage.
Something hits you. Something shocks you.
As you read the scroll labelled GOUTUC KEAMUPN, it crumbles to dust.
It is a scroll of amnesia.
Really abort (and waste the scroll)?
Okay, then.
The shadow imp hits you but does no damage.
Something hits you.
* * * LOW HITPOINT WARNING * * *
Something shocks you.
* * * LOW HITPOINT WARNING * * *
As you read the scroll labelled WARELE SAESOTIYNG, it crumbles to dust.
You feel strangely unstable.
It was a scroll of teleportation.
The shadow imp barely misses you.
Reactivating autopickup.
Ijyb appears from thin air!
Ijyb hits you but does no damage.
You aren't carrying any potions.
Okay, then.
You hit the shadow imp but do no damage.
You hit the shadow imp with your +2 mace.
The shadow imp barely misses you. Ijyb hits you but does no damage.
You barely miss the shadow imp with your +2 mace.
You hit the shadow imp with your +0 flail.
Your surroundings seem slightly different.
The shadow imp gestures at you. Pain shoots through your body!
You die...

########..#####.
..........#
.########Y# #ยง#
#5# #.#
#######.##
.........#
##.####.@#
#.####..#
+.......#
#..####.#
##)#....#
#Y#.####
#.#.########
#...........
#...########


You could see Ijyb the sky beast and a shadow imp.

Vanquished Creatures
  A bombardier beetle (D:3)
  A sleepcap (D:3)
  4 gnolls (D:2)
  An adder (D:1)
  2 dart slugs
  A ribbon worm (D:2)
  3 orcs (D:3)
  4 endoplasms (D:3)
  4 goblins
  A hobgoblin (D:3)
  11 jackals
  4 kobolds
  2 quokkas (D:3)
  7 ball pythons
  4 bats
  A frilled lizard (D:3)
  4 rats
55 creatures vanquished.

Notes
Turn   | Place    | Note
-------+----------+-------------------------------------------
     0 | D:1      | ragingrage the Coglin Wanderer began the quest for the Orb.
     0 | D:1      | ragingrage set off with the following items: a +2 mace
                  | {Wilburh}, a wand of polymorph (7), a scroll of blinking, a
                  | +0 robe, a +0 dagger {Tlaloc}; and the following spells
                  | available to memorise: Mercury Vapours, Cigotuvi's Dreadful
                  | Rot.
     0 | D:1      | Reached XP level 1. HP: 13/13 MP: 3/3
    58 | D:1      | Reached skill level 3 in Maces & Flails
   147 | D:1      | Reached XP level 2. HP: 19/19 MP: 4/4
   754 | D:2      | Reached XP level 3. HP: 23/24 MP: 5/5
   757 | D:2      | Learned a level 2 spell: Mercury Vapours
  1107 | D:2      | Reached XP level 4. HP: 28/30 MP: 6/6
  1110 | D:2      | Reached skill level 1 in Air Magic
  1177 | D:2      | Reached skill level 4 in Maces & Flails
  1572 | D:2      | Identified the +8 ring mail "Fownavu" {Rampage rC+ Str+3}
  1641 | D:3      | Reached XP level 5. HP: 35/35 MP: 7/7
  1992 | D:3      | Found a faded altar of an unknown god.
  2225 | D:3      | Found Jecu's Armour Shoppe.
  2645 | D:4      | Noticed Ijyb
  2646 | D:4      | Ijyb changed into Ijyb the sky beast
  2646 | D:4      | Noticed Ijyb
  2661 | D:5      | Entered Level 5 of the Dungeon
  2661 | D:5      | Noticed Sigmund
  2669 | D:4      | Gained mutation: Your flesh is cold resistant. (rC+)
                  | [potion of mutation]
  2669 | D:4      | Gained mutation: Your flesh is very cold resistant. (rC++)
                  | [potion of mutation]
  2669 | D:4      | Gained mutation: Your spells are a little harder to cast,
                  | but a little more powerful. [potion of mutation]
  2669 | D:4      | Gained mutation: You expend magic power (3 MP) to
                  | strengthen your wands. [potion of mutation]
  2673 | D:4      | Killed from afar by a shadow imp

Illustrated notes

Levels and vault maps discovered:
D:1:      sevenhm_arrival_forest_fort_small_6, layout_loops_ring
D:2:      layout_basic, kennysheep_crisscross, minivault_5,
          dreamdust_mushroom_princess, minmay_heptomino_d4
D:3:      layout_basic, ebering_ecumenical_altar_petrified, serial_shops, shop,
          serial_corexii_hall, corexii_hall_statues_x,
          chequers_hall_statues_corner_a, corexii_hall_statues_s,
          chequers_hall_statues_y, corexii_hall_statues_deadend,
          chequers_hall_statues_wall_a, minmay_circle_x
D:4:      layout_loops_ring, minmay_temple_entry_junction, saegor_snake_ambush,
          uniq_duvessa, uniq_ijyb, uniq_pikel
D:5:      layout_rooms, nicolae_qazlal_eye_of_the_storm,
          nicolae_wu_jian_glorious_leap,
          mainiacjoe_sewer_entry_somewhere_in_here_1, serial_shops,
          nicolae_shop_hallway_plus, nicolae_shop_i_like_small_books_too,
          uniq_crazy_yiuf_cottage, uniq_sigmund

Skill      XL: |  1  2  3  4  5 |
---------------+----------------+-----
Maces & Flails | 3 4 |  4.6
Air Magic      | 1 2 |  2.0
Alchemy        | 3 |  3.0
Stealth        | |  1.0
Spellcasting   | |  1.7
Evocations     | |  2.6

Action                     |  1- 3 |  4- 6 || total
---------------------------+-------+-------++-------
  Melee: Mace              |    59 |   105 ||   164
         Dagger            |    30 |       ||    30
         Whip              |    25 |    15 ||    40
         Flail             |       |    16 ||    16
  Throw: Dart              |       |     4 ||     4
  Evoke: Wand              |       |     1 ||     1
    Use: Scroll            |     2 |     4 ||     6
         Potion            |     2 |     2 ||     4
   Stab: Sleeping          |     1 |       ||     1
 Armour: Robe              |    11 |       ||    11
         Ring mail         |    34 |    59 ||    93
  Dodge: Dodged            |    45 |    40 ||    85

Table legend: (Time is in decaauts)
 A = Elapsed time spent in this place.
 B = Non-inter-level travel time spent in this place.
 C = Inter-level travel time spent in this place.
 D = Time resting spent in this place.
 E = Time spent auto-exploring this place.
 F = Levels seen in this place.
 G = Mean time per level.
                   A        B        C        D        E       F      G
               +--------+--------+--------+--------+--------+-----+--------+
         Total |   2693 |   2546 |    147 |    188 |   1784 |   5 |  538.6 |
       Dungeon |   2693 |   2546 |    147 |    188 |   1784 |   5 |  538.6 |
               +--------+--------+--------+--------+--------+-----+--------+

Top non-repeatable levels by time:
     D:3: 993 daAuts
     D:2: 876 daAuts
     D:1: 761 daAuts
     D:4: 59 daAuts
     D:5: 2 daAuts
